TOP OF THE 1ST |
BlackIron Dragons batting - Pitching for West Virginia Power : RHP Raúl Ruíz
|
Pitching: RHP Raúl Ruíz
|
|
Batting: RHB Gil Palmer
|
0-0: Ball 1-0: Called Strike 1-1: Swinging Strike 1-2: Ball 2-2: Strikes out swinging
|
Batting: RHB José Colón
|
0-0: Ball 1-0: Swinging Strike 1-1: Foul Ball, location: 2F 1-2: Strikes out swinging
|
Batting: RHB Leroy Jamison
|
0-0: Foul Ball, location: 2F 0-1: Swinging Strike 0-2: Ball 1-2: Foul Ball, location: 2F 1-2: Foul Ball, location: 2F 1-2: Foul Ball, location: 2F 1-2: Strikes out swinging
|
Top of the 1st over - 0 run(s), 0 hit(s), 0 error(s), 0 left on base; BlackIron 0 - West Virginia 0 |
BOTTOM OF THE 1ST |
West Virginia Power batting - Pitching for BlackIron Dragons : RHP Augusto Méndez
|
Pitching: RHP Augusto Méndez
|
|
Batting: RHB Luis Encarnación
|
0-0: Ball 1-0: Ball 2-0: Ball 3-0: Base on Balls
|
Batting: RHB Alfonso Huertas
|
0-0: Called Strike Luis Encarnación steals 2nd base 0-1: Ball 1-1: Called Strike Luis Encarnación steals 3rd base 1-2: Ball 2-2: Strikes out swinging
|
Batting: LHB Fernando Ortíz
|
0-0: Called Strike 0-1: Ground out 3-1 (Groundball, 34) Luis Encarnación scores
|
Batting: LHB Pablo Reyes
|
0-0: Called Strike 0-1: Ball 1-1: Ball 2-1: Swinging Strike 2-2: Fly out, F7 (Line Drive, 7D)
|
Bottom of the 1st over - 1 run(s), 0 hit(s), 0 error(s), 0 left on base; BlackIron 0 - West Virginia 1 |
TOP OF THE 2ND |
BlackIron Dragons batting - Pitching for West Virginia Power : RHP Raúl Ruíz
|
Batting: RHB Boyd Pittman
|
0-0: Ball 1-0: Swinging Strike 1-1: Called Strike 1-2: Strikes out swinging
|
Batting: RHB Edgardo Carrasco
|
0-0: Called Strike 0-1: Swinging Strike 0-2: Strikes out looking
|
Batting: RHB Joaquín Rosales
|
0-0: Ball 1-0: Swinging Strike 1-1: SINGLE (Line Drive, 4D)
|
Batting: SHB Rick Turner
|
0-0: Ball 1-0: Foul Ball, location: 2F 1-1: Called Strike 1-2: Strikes out swinging
|
Top of the 2nd over - 0 run(s), 1 hit(s), 0 error(s), 1 left on base; BlackIron 0 - West Virginia 1 |
BOTTOM OF THE 2ND |
West Virginia Power batting - Pitching for BlackIron Dragons : RHP Augusto Méndez
|
Batting: SHB Edward Bartlett
|
0-0: Called Strike 0-1: Fly out, F9 (Line Drive, 9M)
|
Batting: RHB Gonzalo Gil
|
0-0: Ball 1-0: SOLO HOME RUN (Flyball, 7D), Distance : 350 ft
|
Batting: LHB Jesús Ángel
|
0-0: Fly out, F6 (Popup, 6)
|
Batting: RHB Will Lott
|
0-0: Ground out 5-3 (Groundball, 5L)
|
Bottom of the 2nd over - 1 run(s), 1 hit(s), 0 error(s), 0 left on base; BlackIron 0 - West Virginia 2 |
TOP OF THE 3RD |
BlackIron Dragons batting - Pitching for West Virginia Power : RHP Raúl Ruíz
|
Batting: LHB Culley Vaughan
|
0-0: Ground out 4-3 (Groundball, 4M)
|
Batting: RHB Alfredo Rangel
|
0-0: Called Strike 0-1: Ball 1-1: SINGLE (Groundball, 4MD)
|
Batting: RHB Gil Palmer
|
0-0: Ball 1-0: Swinging Strike 1-1: Ball Wild Pitch! Alfredo Rangel to second 2-1: Foul Ball, location: 2F 2-2: Foul Ball, location: 2F 2-2: Strikes out swinging
|
Batting: RHB José Colón
|
0-0: Ball 1-0: Foul Ball, location: 2F 1-1: Fly out, F3 (Popup, 3F)
|
Top of the 3rd over - 0 run(s), 1 hit(s), 0 error(s), 1 left on base; BlackIron 0 - West Virginia 2 |
BOTTOM OF THE 3RD |
West Virginia Power batting - Pitching for BlackIron Dragons : RHP Augusto Méndez
|
Batting: RHB Brett Bell
|
0-0: Ball 1-0: Ball 2-0: Called Strike 2-1: Ground out 1-3 (Groundball, 13S)
|
Batting: RHB Luis Encarnación
|
0-0: Called Strike 0-1: Bunt for hit - play at first, batter safe!
|
Batting: RHB Alfonso Huertas
|
0-0: Ball 1-0: Ball Wild Pitch! Luis Encarnación to second 2-0: Called Strike 2-1: Foul Ball, location: 2F 2-2: Strikes out swinging
|
Batting: LHB Fernando Ortíz
|
0-0: Ball 1-0: Foul Ball, location: 2F 1-1: Ball 2-1: Ball 3-1: Fly out, F6 (Popup, 5D)
|
Bottom of the 3rd over - 0 run(s), 1 hit(s), 0 error(s), 1 left on base; BlackIron 0 - West Virginia 2 |
TOP OF THE 4TH |
BlackIron Dragons batting - Pitching for West Virginia Power : RHP Raúl Ruíz
|
Batting: RHB Leroy Jamison
|
0-0: Foul Ball, location: 2F 0-1: Foul Ball, location: 2F 0-2: Strikes out looking
|
Batting: RHB Boyd Pittman
|
0-0: Ground out 4-3 (Groundball, 4M)
|
Batting: RHB Edgardo Carrasco
|
0-0: Called Strike 0-1: Ground out 5-3 (Groundball, 5)
|
Top of the 4th over - 0 run(s), 0 hit(s), 0 error(s), 0 left on base; BlackIron 0 - West Virginia 2 |
BOTTOM OF THE 4TH |
West Virginia Power batting - Pitching for BlackIron Dragons : RHP Augusto Méndez
|
Batting: LHB Pablo Reyes
|
0-0: Called Strike 0-1: Foul Ball, location: 2F 0-2: Strikes out swinging
|
Batting: SHB Edward Bartlett
|
0-0: Ball 1-0: Ball 2-0: Foul Ball, location: 2F 2-1: Swinging Strike 2-2: Fly out, F7 (Flyball, 7LM)
|
Batting: RHB Gonzalo Gil
|
0-0: Ground out 6-3 (Groundball, 6M)
|
Bottom of the 4th over - 0 run(s), 0 hit(s), 0 error(s), 0 left on base; BlackIron 0 - West Virginia 2 |
TOP OF THE 5TH |
BlackIron Dragons batting - Pitching for West Virginia Power : RHP Raúl Ruíz
|
Batting: RHB Joaquín Rosales
|
0-0: Ball 1-0: Called Strike 1-1: Ball 2-1: Foul Ball, location: 2F 2-2: Strikes out swinging
|
Batting: SHB Rick Turner
|
0-0: Ball 1-0: Ball 2-0: Foul Ball, location: 2F 2-1: Ball 3-1: Base on Balls
|
Batting: LHB Culley Vaughan
|
0-0: Swinging Strike 0-1: Ball 1-1: Ball 2-1: Grounds into double play, 5-4-3 (Groundball, 5)
|
Top of the 5th over - 0 run(s), 0 hit(s), 0 error(s), 0 left on base; BlackIron 0 - West Virginia 2 |
BOTTOM OF THE 5TH |
West Virginia Power batting - Pitching for BlackIron Dragons : RHP Augusto Méndez
|
Batting: LHB Jesús Ángel
|
0-0: Ball 1-0: Foul Ball, location: 2F 1-1: Ball 2-1: Called Strike 2-2: Ball 3-2: Base on Balls
|
Batting: RHB Will Lott
|
0-0: Swinging Strike 0-1: Ball 1-1: Fly out, F8 (Flyball, 89S)
|
Batting: RHB Brett Bell
|
0-0: Fly out, F8 (Flyball, 78XD)
|
Batting: RHB Luis Encarnación
|
0-0: Swinging Strike 0-1: Called Strike 0-2: SINGLE (Flyball, 8LS) Jesús Ángel to second
|
Batting: RHB Alfonso Huertas
|
0-0: Swinging Strike 0-1: Ball 1-1: Called Strike 1-2: Ball 2-2: Ball 3-2: Strikes out swinging
|
Bottom of the 5th over - 0 run(s), 1 hit(s), 0 error(s), 2 left on base; BlackIron 0 - West Virginia 2 |
TOP OF THE 6TH |
BlackIron Dragons batting - Pitching for West Virginia Power : RHP Raúl Ruíz
|
Batting: RHB Alfredo Rangel
|
0-0: Ball 1-0: Ball 2-0: Foul Ball, location: 2F 2-1: Called Strike 2-2: Strikes out looking
|
Batting: RHB Gil Palmer
|
0-0: Ball 1-0: SINGLE (Flyball, 89S)
|
Pitching: LHP John Helms
|
|
Batting: RHB José Colón
|
0-0: Ball 1-0: Ball 2-0: Called Strike 2-1: Foul Ball, location: 2F 2-2: Strikes out looking
|
Batting: RHB Leroy Jamison
|
0-0: Foul Ball, location: 2F 0-1: SINGLE (Groundball, 4MD) Gil Palmer to second Runner from 2nd tries for 3rd, SAFE, throw made to third
|
Batting: RHB Boyd Pittman
|
0-0: Called Strike 0-1: Ball 1-1: Called Strike 1-2: Foul Ball, location: 2F 1-2: Ball 2-2: Foul Ball, location: 2F 2-2: Foul Ball, location: 2F 2-2: Fly out, F7 (Flyball, 7LM)
|
Top of the 6th over - 0 run(s), 2 hit(s), 0 error(s), 2 left on base; BlackIron 0 - West Virginia 2 |
BOTTOM OF THE 6TH |
West Virginia Power batting - Pitching for BlackIron Dragons : RHP Augusto Méndez
|
Batting: LHB Fernando Ortíz
|
0-0: Ball 1-0: SOLO HOME RUN (Flyball, 7D), Distance : 357 ft
|
Pitching: RHP Eduardo Delgado
|
|
Batting: LHB Pablo Reyes
|
0-0: Ball Single, Error in OF, E7, batter to second base
|
Batting: SHB Edward Bartlett
|
0-0: Intentional Walk
|
Batting: RHB Gonzalo Gil
|
0-0: Called Strike 0-1: Swinging Strike 0-2: Strikes out looking
|
Batting: LHB Jesús Ángel
|
0-0: Called Strike 0-1: Foul Ball, location: 2F 0-2: Ball 1-2: Foul Ball, location: 2F 1-2: Ball 2-2: Strikes out swinging
|
Batting: RHB Will Lott
|
0-0: Called Strike 0-1: Ball 1-1: Called Strike 1-2: Foul Ball, location: 2F 1-2: Foul Ball, location: 2F 1-2: TRIPLE (Line Drive, 78M) Pablo Reyes scores Edward Bartlett scores
|
Batting: RHB Brett Bell
|
0-0: Ball 1-0: Ball 2-0: Called Strike 2-1: Ball 3-1: Base on Balls
|
Batting: RHB Luis Encarnación
|
0-0: SINGLE (Line Drive, 89S) Will Lott scores Brett Bell to second Runner from 2nd tries for 3rd, SAFE, throw made to third
|
Batting: RHB Alfonso Huertas
|
0-0: Called Strike 0-1: Fly out, F9 (Flyball, 89M)
|
Bottom of the 6th over - 4 run(s), 4 hit(s), 1 error(s), 2 left on base; BlackIron 0 - West Virginia 6 |
TOP OF THE 7TH |
BlackIron Dragons batting - Pitching for West Virginia Power : LHP John Helms
|
Batting: RHB Edgardo Carrasco
|
0-0: Ball 1-0: Ball 2-0: Fly out, F9 (Flyball, 9S)
|
Batting: RHB Joaquín Rosales
|
0-0: SINGLE (Groundball, 6MD)
|
Batting: SHB Rick Turner
|
0-0: Swinging Strike 0-1: Ball 1-1: Ball 2-1: Ball 3-1: Base on Balls Joaquín Rosales to second
|
Batting: LHB Culley Vaughan
|
0-0: Ball 1-0: Ball 2-0: Swinging Strike 2-1: Swinging Strike 2-2: Ball 3-2: Strikes out looking
|
Batting: RHB Alfredo Rangel
|
0-0: SINGLE (Groundball, 6) Joaquín Rosales to third Rick Turner to second Runner from 3rd tries for Home, SAFE, throw made home
|
Batting: RHB Gil Palmer
|
0-0: Foul Ball, location: 2F 0-1: SINGLE (Groundball, 13) (infield hit) Rick Turner to third Alfredo Rangel to second
|
Batting: RHB José Colón
|
0-0: Fly out, F8 (Flyball, 8RM)
|
Top of the 7th over - 1 run(s), 3 hit(s), 0 error(s), 3 left on base; BlackIron 1 - West Virginia 6 |
BOTTOM OF THE 7TH |
West Virginia Power batting - Pitching for BlackIron Dragons : RHP Eduardo Delgado
|
Batting: LHB Fernando Ortíz
|
0-0: Called Strike 0-1: Ball 1-1: DOUBLE (Line Drive, 9LM)
|
Batting: LHB Pablo Reyes
|
0-0: Called Strike 0-1: Called Strike 0-2: Foul Ball, location: 2F 0-2: Ball 1-2: Ball 2-2: Ground out 4-3 (Groundball, 4) Fernando Ortíz to third
|
Batting: SHB Edward Bartlett
|
0-0: Called Strike 0-1: Called Strike 0-2: SINGLE (Groundball, 34) Fernando Ortíz scores
|
Pitching: RHP António García
|
|
Batting: RHB Gonzalo Gil
|
0-0: Called Strike 0-1: Ball 1-1: Ball 2-1: Swinging Strike 2-2: Strikes out looking
|
Batting: LHB Jesús Ángel
|
0-0: Called Strike 0-1: Foul Ball, location: 2F 0-2: Ball 1-2: Ball 2-2: Foul Ball, location: 2F 2-2: Ball 3-2: Base on Balls Edward Bartlett to second
|
Batting: RHB Will Lott
|
0-0: Foul Ball, location: 2F 0-1: Ball 1-1: Ball 2-1: Ball 3-1: Base on Balls Edward Bartlett to third Jesús Ángel to second
|
Batting: RHB Brett Bell
|
0-0: SINGLE (Line Drive, 34) Edward Bartlett scores Jesús Ángel to third Will Lott to second Runner from 3rd tries for Home, SAFE, throw made home
|
Batting: RHB Luis Encarnación
|
0-0: Ball 1-0: Foul Ball, location: 2F 1-1: SINGLE (Groundball, 6MD) Will Lott to third Brett Bell to second Runner from 3rd tries for Home, SAFE, no throw or cutoff
|
Batting: RHB Alfonso Huertas
|
0-0: Ball 1-0: Called Strike 1-1: Called Strike 1-2: Strikes out swinging
|
Bottom of the 7th over - 4 run(s), 4 hit(s), 0 error(s), 2 left on base; BlackIron 1 - West Virginia 10 |
TOP OF THE 8TH |
BlackIron Dragons batting - Pitching for West Virginia Power : LHP John Helms
|
Now at 1B: Vicente Torres
|
|
Batting: RHB Leroy Jamison
|
0-0: Foul Ball, location: 2F 0-1: Called Strike 0-2: DOUBLE (Line Drive, 9LS)
|
Pinch Hitting: RHB Brian Jackson
|
0-0: Ground out 6-3 (Groundball, 6M) Leroy Jamison to third
|
Batting: RHB Edgardo Carrasco
|
0-0: Called Strike 0-1: Hit by Pitch
|
Batting: RHB Joaquín Rosales
|
0-0: Ball 1-0: Fly out, F8 (Flyball, 8RS)
|
Batting: SHB Rick Turner
|
0-0: Called Strike 0-1: Ground out 1-3 (Groundball, 13)
|
Top of the 8th over - 0 run(s), 1 hit(s), 0 error(s), 2 left on base; BlackIron 1 - West Virginia 10 |
BOTTOM OF THE 8TH |
West Virginia Power batting - Pitching for BlackIron Dragons : RHP António García
|
Now at SS: Eugene Payne
|
|
Batting: LHB Fernando Ortíz
|
0-0: Called Strike 0-1: Called Strike 0-2: Ball 1-2: Ball 2-2: Strikes out swinging
|
Batting: LHB Pablo Reyes
|
0-0: Called Strike 0-1: Called Strike 0-2: Strikes out looking
|
Batting: SHB Edward Bartlett
|
0-0: Ball 1-0: Ball 2-0: Ball 3-0: Called Strike 3-1: Foul Ball, location: 2F 3-2: Foul Ball, location: 2F 3-2: Ground out 6-3 (Groundball, 6)
|
Bottom of the 8th over - 0 run(s), 0 hit(s), 0 error(s), 0 left on base; BlackIron 1 - West Virginia 10 |
TOP OF THE 9TH |
BlackIron Dragons batting - Pitching for West Virginia Power : LHP John Helms
|
Now at 3B: Ron Guillén
|
|
Now in CF: Luis Pérez
|
|
Batting: LHB Culley Vaughan
|
0-0: DOUBLE (Line Drive, 9M)
|
Batting: RHB Alfredo Rangel
|
0-0: Swinging Strike 0-1: Ball 1-1: Ball 2-1: DOUBLE (Line Drive, 8LM) Culley Vaughan scores
|
Pitching: RHP Brad Flores
|
|
Batting: RHB Gil Palmer
|
0-0: Called Strike 0-1: Foul Ball, location: 2F 0-2: Foul Ball, location: 2F 0-2: Ball 1-2: Ball 2-2: Strikes out swinging
|
Batting: RHB José Colón
|
0-0: Ball 1-0: Called Strike 1-1: DOUBLE (Flyball, 8RD) Alfredo Rangel scores
|
Batting: RHB Leroy Jamison
|
0-0: SINGLE (Groundball, 6M) José Colón to third Runner from 3rd tries for Home, SAFE, throw made home Leroy Jamison to second
|
Batting: RHB Eugene Payne
|
0-0: Ball 1-0: Ball 2-0: Foul Ball, location: 2F 2-1: Foul Ball, location: 2F 2-2: Strikes out looking
|
Batting: RHB Edgardo Carrasco
|
0-0: Called Strike 0-1: Ball 1-1: Ball 2-1: Foul Ball, location: 2F 2-2: Ball 3-2: Foul Ball, location: 2F 3-2: Base on Balls
|
Batting: RHB Joaquín Rosales
|
0-0: Called Strike 0-1: SINGLE (Groundball, 56D) Leroy Jamison to third Edgardo Carrasco to second Runner from 3rd tries for Home, SAFE, no throw or cutoff
|
Pitching: RHP Aurelio Barrón
|
|
Batting: SHB Rick Turner
|
0-0: Ball 1-0: Swinging Strike 1-1: Foul Ball, location: 2F 1-2: Foul Ball, location: 2F 1-2: Ground out 4-3 (Groundball, 4)
|
Top of the 9th over - 4 run(s), 5 hit(s), 0 error(s), 2 left on base; BlackIron 5 - West Virginia 10 |
|